SNL (28 & UNDER)
GAINESVILLE GUIDOS @ WICHITA WRANGLERS
09/03/2027
 
TOP OF THE 1ST
Gainesville Guidos batting - Pitching for Wichita Wranglers : RHP Jeff Valdés
Pitching: RHP Jeff Valdés
Batting: LHB Eddy Jefferson 0-0: Called Strike
0-1: Ground out U3 (Groundball, 34S)
Batting: RHB Doug Coleman 0-0: Swinging Strike
0-1: Swinging Strike
0-2: Fly out, F9 (Flyball, 9)
Batting: RHB Lynn Ford 0-0: Ball
1-0: Fly out, F8 (Flyball, 78D)
Top of the 1st over - 0 run(s), 0 hit(s), 0 error(s), 0 left on base; Gainesville 0 - Wichita 0
BOTTOM OF THE 1ST
Wichita Wranglers batting - Pitching for Gainesville Guidos : LHP Ben Head
Pitching: LHP Ben Head
Batting: RHB Jorge Barbosa 0-0: Ball
1-0: Ball
2-0: Swinging Strike
2-1: Ball
3-1: Base on Balls
Batting: RHB James Stevens 0-0: Foul Ball, location: 2F
0-1: Ball
1-1: Ball
2-1: Ball
3-1: Swinging Strike
3-2: SINGLE (Line Drive, 34D)
Jorge Barbosa to second
Batting: LHB Alfredo Sánchez 0-0: Swinging Strike
0-1: Foul Ball, location: 2F
0-2: Ball
1-2: Strikes out swinging
Batting: RHB Tom Gordon 0-0: Called Strike
0-1: Foul Ball, location: 2F
0-2: Ball
1-2: Strikes out looking
Batting: RHB José López 0-0: Called Strike
0-1: Ground out 6-3 (Groundball, 6MS)
Bottom of the 1st over - 0 run(s), 1 hit(s), 0 error(s), 2 left on base; Gainesville 0 - Wichita 0
TOP OF THE 2ND
Gainesville Guidos batting - Pitching for Wichita Wranglers : RHP Jeff Valdés
Batting: RHB Kyle O'Day 0-0: Foul Ball, location: 2F
0-1: Ball
1-1: Ball
2-1: Swinging Strike
2-2: Foul Ball, location: 2F
2-2: Foul Ball, location: 2F
2-2: Ball
3-2: Base on Balls
Batting: LHB Pedro Juárez 0-0: Foul Ball, location: 2F
0-1: Ball
1-1: Fly out, F8 (Line Drive, 8LD)
Batting: SHB Will Evans 0-0: Called Strike
0-1: Foul Ball, location: 2F
0-2: Ball
1-2: Strikes out looking
Batting: RHB Claudio Gonzáles 0-0: Fly out, F8 (Flyball, 8LM)
Top of the 2nd over - 0 run(s), 0 hit(s), 0 error(s), 1 left on base; Gainesville 0 - Wichita 0
BOTTOM OF THE 2ND
Wichita Wranglers batting - Pitching for Gainesville Guidos : LHP Ben Head
Batting: RHB Oliver Todd 0-0: Called Strike
0-1: Ball
1-1: Swinging Strike
1-2: Ball
2-2: Foul Ball, location: 2F
2-2: Ball
3-2: Ground out 6-3 (Groundball, 6)
Batting: RHB Santiago Morales 0-0: Ball
1-0: Foul Ball, location: 2F
1-1: Ground out 1-3 (Groundball, 13S)
Batting: RHB Rusty Bennett 0-0: Called Strike
0-1: Ball
1-1: Ball
2-1: Foul Ball, location: 2F
2-2: Ball
3-2: Foul Ball, location: 2F
3-2: Strikes out swinging
Bottom of the 2nd over - 0 run(s), 0 hit(s), 0 error(s), 0 left on base; Gainesville 0 - Wichita 0
TOP OF THE 3RD
Gainesville Guidos batting - Pitching for Wichita Wranglers : RHP Jeff Valdés
Batting: RHB Greg Lee 0-0: SINGLE (Line Drive, 34D)
Batting: RHB Iván Moreno 0-0: Foul Ball, location: 2F
0-1: Foul Ball, location: 2F
0-2: Ball
1-2: Ball
2-2: Ball
3-2: Fielders Choice at 2nd, 3-6 (Groundball, 34)
Batting: LHB Eddy Jefferson 0-0: Called Strike
0-1: Ball
1-1: Called Strike
1-2: SINGLE (Groundball, 56D)
Iván Moreno to second
Batting: RHB Doug Coleman 0-0: Ball
1-0: Called Strike
Iván Moreno steals 3rd base
Eddy Jefferson to second
1-1: Foul Ball, location: 2F
1-2: Ground out 6-3 (Groundball, 6)
Iván Moreno scores
Eddy Jefferson to third
Batting: RHB Lynn Ford 0-0: Ball
1-0: SINGLE (Groundball, 6MD)
Eddy Jefferson scores
Batting: RHB Kyle O'Day 0-0: Called Strike
0-1: TRIPLE (Flyball, 89XD)
Lynn Ford scores
Batting: LHB Pedro Juárez 0-0: Ball
1-0: Ball
2-0: Called Strike
2-1: Swinging Strike
2-2: Reached on error, E3 (Groundball, 34)
Kyle O'Day scores
Batting: SHB Will Evans 0-0: Called Strike
0-1: Ground out U3 (Groundball, 34)
Top of the 3rd over - 4 run(s), 4 hit(s), 1 error(s), 1 left on base; Gainesville 4 - Wichita 0
BOTTOM OF THE 3RD
Wichita Wranglers batting - Pitching for Gainesville Guidos : LHP Ben Head
Batting: SHB Wayne Matthews 0-0: Called Strike
0-1: Foul Ball, location: 2F
0-2: Ball
1-2: Foul Ball, location: 2F
1-2: SINGLE (Flyball, 6MD)
Batting: RHB Jorge Barbosa 0-0: Called Strike
0-1: Foul Ball, location: 2F
0-2: Strikes out swinging
Batting: RHB James Stevens 0-0: Ball
1-0: Ball
2-0: Foul Ball, location: 2F
2-1: Ball
3-1: Called Strike
3-2: Foul Ball, location: 2F
3-2: Foul Ball, location: 2F
3-2: Foul Ball, location: 2F
3-2: Reached on error, E4 (Groundball, 34D)
Wayne Matthews to second
Batting: LHB Alfredo Sánchez 0-0: Ball
1-0: Ball
2-0: Ball
3-0: Base on Balls
Wayne Matthews to third
James Stevens to second
Batting: RHB Tom Gordon 0-0: Ball
1-0: Ball
2-0: Grounds into double play, 4-6-3 (Groundball, 4)
Bottom of the 3rd over - 0 run(s), 1 hit(s), 1 error(s), 2 left on base; Gainesville 4 - Wichita 0
TOP OF THE 4TH
Gainesville Guidos batting - Pitching for Wichita Wranglers : RHP Jeff Valdés
Batting: RHB Claudio Gonzáles 0-0: Called Strike
0-1: Ball
1-1: Swinging Strike
1-2: Ball
2-2: Ball
3-2: Fly out, F9 (Flyball, 9D)
Batting: RHB Greg Lee 0-0: Called Strike
0-1: Swinging Strike
0-2: Foul Ball, location: 2F
0-2: Strikes out swinging
Batting: RHB Iván Moreno 0-0: Called Strike
0-1: Foul Ball, location: 2F
0-2: Ball
1-2: Strikes out swinging
Top of the 4th over - 0 run(s), 0 hit(s), 0 error(s), 0 left on base; Gainesville 4 - Wichita 0
BOTTOM OF THE 4TH
Wichita Wranglers batting - Pitching for Gainesville Guidos : LHP Ben Head
Batting: RHB José López 0-0: Foul Ball, location: 2F
0-1: Ball
1-1: SINGLE (Flyball, 8RS)
Batting: RHB Oliver Todd 0-0: Ball
1-0: Called Strike
1-1: Called Strike
1-2: Foul Ball, location: 2F
1-2: Strikes out swinging
Batting: RHB Santiago Morales 0-0: Ball
1-0: Ball
2-0: Called Strike
2-1: Called Strike
2-2: Foul Ball, location: 2F
2-2: Ball
José López steals 2nd base
3-2: Base on Balls
Batting: RHB Rusty Bennett 0-0: Ball
1-0: SINGLE (Groundball, 34D)
José López to third
Santiago Morales to second
Runner from 3rd tries for Home, SAFE, no throw
Batting: SHB Wayne Matthews 0-0: Ball
1-0: Ball
2-0: Ball
3-0: Base on Balls
Santiago Morales to third
Rusty Bennett to second
Batting: RHB Jorge Barbosa 0-0: Called Strike
0-1: Foul Ball, location: 2F
0-2: Foul Ball, location: 2F
0-2: Strikes out swinging
Batting: RHB James Stevens 0-0: Called Strike
0-1: Ball
1-1: Ball
2-1: Fly out, F4 (Flyball, 34D)
Bottom of the 4th over - 1 run(s), 2 hit(s), 0 error(s), 3 left on base; Gainesville 4 - Wichita 1
TOP OF THE 5TH
Gainesville Guidos batting - Pitching for Wichita Wranglers : RHP Jeff Valdés
Batting: LHB Eddy Jefferson 0-0: Ball
1-0: Ball
2-0: Ball
3-0: Called Strike
3-1: Base on Balls
Batting: RHB Doug Coleman 0-0: Foul Ball, location: 2F
0-1: Foul Ball, location: 2F
0-2: Ball
1-2: Ball
2-2: Foul Ball, location: 2F
2-2: Ball
3-2: Strikes out swinging
Eddy Jefferson steals 2nd base
Batter strikes out.
Batting: RHB Lynn Ford 0-0: Ball
1-0: Ground out 4-3 (Groundball, 4M)
Eddy Jefferson to third
Batting: RHB Kyle O'Day 0-0: Ball
1-0: Ball
2-0: Ball
3-0: Called Strike
3-1: Ground out 4-3 (Groundball, 4)
Top of the 5th over - 0 run(s), 0 hit(s), 0 error(s), 1 left on base; Gainesville 4 - Wichita 1
BOTTOM OF THE 5TH
Wichita Wranglers batting - Pitching for Gainesville Guidos : LHP Ben Head
Batting: LHB Alfredo Sánchez 0-0: Ball
1-0: Ball
2-0: Ball
3-0: Called Strike
3-1: Base on Balls
Pitching: RHP Juan Mora
Batting: RHB Tom Gordon 0-0: Ball
1-0: Foul Ball, location: 2F
1-1: Ball
2-1: Called Strike
2-2: Ball
3-2: Base on Balls
Alfredo Sánchez to second
Batting: SHB Lewis Woods 0-0: Grounds into double play, 5-4-3 (Groundball, 56)
Alfredo Sánchez to third
Batting: RHB Oliver Todd 0-0: Called Strike
0-1: Called Strike
0-2: Ball
1-2: Ball
2-2: Strikes out looking
Bottom of the 5th over - 0 run(s), 0 hit(s), 0 error(s), 1 left on base; Gainesville 4 - Wichita 1
TOP OF THE 6TH
Gainesville Guidos batting - Pitching for Wichita Wranglers : RHP Jeff Valdés
Pitching: RHP Lester Williams
Now at 2B: Lewis Woods
Batting: LHB Pedro Juárez 0-0: Called Strike
0-1: SINGLE (Flyball, 9S)
Batting: SHB Will Evans 0-0: Grounds into double play, 6-4-3 (Groundball, 56)
Batting: RHB Claudio Gonzáles 0-0: Ball
1-0: Fly out, F8 (Line Drive, 89S)
Top of the 6th over - 0 run(s), 1 hit(s), 0 error(s), 0 left on base; Gainesville 4 - Wichita 1
BOTTOM OF THE 6TH
Wichita Wranglers batting - Pitching for Gainesville Guidos : RHP Juan Mora
Batting: RHB Santiago Morales 0-0: Ball
1-0: Ball
2-0: Fly out, F8 (Flyball, 78D)
Batting: RHB Rusty Bennett 0-0: Foul Ball, location: 2F
0-1: Ball
1-1: Ball
2-1: Fly out, F7 (Flyball, 7S)
Batting: SHB Wayne Matthews 0-0: Foul Ball, location: 2F
0-1: Called Strike
0-2: Hit by Pitch
Batting: RHB Jorge Barbosa 0-0: Fielders Choice at 2nd, 6-4 (Groundball, 6)
Bottom of the 6th over - 0 run(s), 0 hit(s), 0 error(s), 0 left on base; Gainesville 4 - Wichita 1
TOP OF THE 7TH
Gainesville Guidos batting - Pitching for Wichita Wranglers : RHP Lester Williams
Batting: RHB Greg Lee 0-0: Ground out 5-3 (Groundball, 5S)
Batting: RHB Iván Moreno 0-0: Called Strike
0-1: Ball
1-1: SINGLE (Line Drive, 9S)
Batting: LHB Eddy Jefferson 0-0: Called Strike
0-1: Foul Ball, location: 2F
0-2: Ball
1-2: Ball
2-2: Ball
3-2: Grounds into double play, 6-4-3 (Groundball, 6)
Top of the 7th over - 0 run(s), 1 hit(s), 0 error(s), 0 left on base; Gainesville 4 - Wichita 1
BOTTOM OF THE 7TH
Wichita Wranglers batting - Pitching for Gainesville Guidos : RHP Juan Mora
Batting: RHB James Stevens 0-0: Ball
1-0: Ground out 6-3 (Groundball, 6)
Batting: LHB Alfredo Sánchez 0-0: Ball
1-0: Called Strike
1-1: SINGLE (Line Drive, 9LS)
Batting: RHB Tom Gordon 0-0: Called Strike
0-1: Called Strike
0-2: Ball
1-2: Grounds into double play, 4-6-3 (Groundball, 4MD)
Bottom of the 7th over - 0 run(s), 1 hit(s), 0 error(s), 0 left on base; Gainesville 4 - Wichita 1
TOP OF THE 8TH
Gainesville Guidos batting - Pitching for Wichita Wranglers : RHP Lester Williams
Batting: RHB Doug Coleman 0-0: SINGLE (Groundball, 6) (infield hit)
Batting: RHB Lynn Ford 0-0: Called Strike
0-1: Swinging Strike
0-2: Ball
1-2: SINGLE (Groundball, 56D)
Doug Coleman to second
Batting: RHB Kyle O'Day 0-0: Called Strike
0-1: Ball
1-1: Fielders Choice at 2nd, 6-4 (Groundball, 6)
Doug Coleman to third
Pitching: LHP Tony Rivera
Batting: LHB Pedro Juárez 0-0: Ball
1-0: Ball
2-0: Swinging Strike
2-1: Foul Ball, location: 2F
2-2: Strikes out looking
Pitching: LHP Jorge Ybarra
Batting: SHB Will Evans 0-0: Ball
1-0: Foul Ball, location: 2F
1-1: Ball
2-1: SINGLE (Groundball, 56D)
Doug Coleman scores
Kyle O'Day to second
Batting: RHB Claudio Gonzáles 0-0: Ball
1-0: DOUBLE (Flyball, 78XD)
Kyle O'Day scores
Will Evans to third
Runner from 3rd tries for Home, SAFE, no throw
Batting: RHB Greg Lee 0-0: Called Strike
0-1: Swinging Strike
0-2: Strikes out swinging
Top of the 8th over - 3 run(s), 4 hit(s), 0 error(s), 1 left on base; Gainesville 7 - Wichita 1
BOTTOM OF THE 8TH
Wichita Wranglers batting - Pitching for Gainesville Guidos : RHP Juan Mora
Pitching: RHP Matt Johnston
Now at C: Scott Young
Batting: SHB Lewis Woods 0-0: Ball
1-0: Ball
2-0: Ground out 5-3 (Groundball, 56D)
Batting: RHB Oliver Todd 0-0: Ball
1-0: Fly out, F9 (Flyball, 9LM)
Batting: RHB Santiago Morales 0-0: Foul Ball, location: 2F
0-1: Ball
1-1: Called Strike
1-2: Foul Ball, location: 2F
1-2: Reached on error, E6 (Groundball, 6)
Batting: RHB Rusty Bennett 0-0: Called Strike
0-1: Ball
1-1: Fly out, F9 (Flyball, 89S)
Bottom of the 8th over - 0 run(s), 0 hit(s), 1 error(s), 1 left on base; Gainesville 7 - Wichita 1
TOP OF THE 9TH
Gainesville Guidos batting - Pitching for Wichita Wranglers : LHP Jorge Ybarra
Pitching: RHP Robinson Vásquez
Batting: RHB Iván Moreno 0-0: Ball
1-0: Foul Ball, location: 2F
1-1: Ball
2-1: Ball
3-1: Base on Balls
Batting: LHB Eddy Jefferson 0-0: Swinging Strike
0-1: Ball
Balk!
Iván Moreno to second
1-1: Ball
2-1: Called Strike
2-2: Strikes out swinging
Batting: RHB Doug Coleman 0-0: Foul Ball, location: 2F
0-1: Fly out, F7 (Line Drive, 78M)
Batting: RHB Lynn Ford 0-0: Called Strike
0-1: Ball
1-1: Foul Ball, location: 2F
1-2: Ground out 5-3 (Groundball, 56)
Top of the 9th over - 0 run(s), 0 hit(s), 0 error(s), 1 left on base; Gainesville 7 - Wichita 1
BOTTOM OF THE 9TH
Wichita Wranglers batting - Pitching for Gainesville Guidos : RHP Matt Johnston
Now in RF: Alfredo Díaz
Batting: SHB Wayne Matthews 0-0: Ball
1-0: Called Strike
1-1: Ball
2-1: Foul Ball, location: 2F
2-2: Ball
3-2: Base on Balls
Batting: RHB Jorge Barbosa 0-0: Fly out, F7 (Flyball, 7S)
Batting: RHB James Stevens 0-0: Ball
1-0: Swinging Strike
1-1: Called Strike
1-2: Ball
2-2: Strikes out swinging
Batting: LHB Alfredo Sánchez 0-0: Called Strike
0-1: Ball
1-1: Ball
2-1: Ball
3-1: Fly out, F4 (Line Drive, 34)
Bottom of the 9th over - 0 run(s), 0 hit(s), 0 error(s), 1 left on base; Gainesville 7 - Wichita 1
Thursday, March 30th, 2017 - OOTP Baseball 17.12 Build 75